 Dungeon Crawl Stone Soup version 0.20.0-10-g0535bb4 (webtiles) character file.

875 Ekaitz the Firebug (level 8, -1/79 HPs)
             Began as an Ogre Fire Elementalist on June 4, 2017.
             Was a Believer of Vehumet.
             Slain by a gnoll
             ... wielding a +0 whip
              (9 damage)
             ... on level 4 of the Dungeon.
             The game lasted 00:15:13 (3148 turns).

Ekaitz the Firebug (Ogre Fire Elementalist)         Turns: 3148, Time: 00:15:14

Health: -1/79      AC:  3    Str: 13    XL:     8   Next: 4%
Magic:  4/12       EV: 12    Int: 16    God:    Vehumet [**....]
Gold:   161        SH:  0    Dex: 11    Spells: 4/13 levels left

rFire    . . .     SeeInvis .   p - +0 whip (elec)
rCold    + . .     Gourm    .   (no shield)
rNeg     . . .     Faith    .   a - +0 robe
rPois    .         Spirit   .   (helmet restricted)
rElec    .         Reflect  .   (no cloak)
rCorr    .         Harm     .   (gloves unavailable)
MR       .....                  (boots unavailable)
Stlth    ++........             (no amulet)
Regen    0.3/turn               f - ring of protection from cold
MPRegen  0.2/turn               C - +2 ring of evasion

@: drained
A: unfitting armour, tough skin 1
a: Renounce Religion


You were on level 4 of the Dungeon.
You worshipped Vehumet.
Vehumet was pleased with you.
You were very hungry.

You visited 1 branch of the dungeon, and saw 4 of its levels.

You collected 161 gold pieces.

Inventory:

Hand Weapons
 j - a +1 dagger of venom
 p - a +0 whip of electrocution (weapon)
 y - a +0 giant spiked club
 A - a +2 flail of crushing
Missiles
 d - 4 javelins (quivered)
 e - 151 stones
 l - 25 poisoned needles
 u - 5 tomahawks
Armour
 a - a +0 robe (worn)
Jewellery
 f - a ring of protection from cold (left hand)
 C - a +2 ring of evasion (right hand)
Scrolls
 h - 8 scrolls of identify {unknown}
 n - a scroll of immolation {unknown}
 o - a scroll of random uselessness {unknown}
 r - a scroll of magic mapping {unknown}
 t - a scroll of fog {unknown}
 w - 2 scrolls of noise {unknown}
 x - a scroll of remove curse {unknown}
 B - 3 scrolls of amnesia {unknown}
Potions
 g - a potion of resistance {unknown}
 i - a potion of agility {unknown}
 k - 2 potions of curing {unknown}
 s - 3 potions of degeneration {unknown}
 v - 2 potions of haste {unknown}
 z - a potion of heal wounds {unknown}
Books
 b - a book of Flames

   Spells                             Type                      Level
   a - Flame Tongue                   Conjuration/Fire             1
   b - Throw Flame                    Conjuration/Fire             2
   c - Conjure Flame                  Conjuration/Fire             3
   d - Inner Flame                    Hexes/Fire                   3
   e - Sticky Flame                   Conjuration/Fire             4
   f - Fireball                       Conjuration/Fire             5
Comestibles
 c - 4 bread rations
 m - 5 royal jellies
 q - 3 meat rations


   Skills:
 + Level 4.4(3.4) Fighting
 * Level 1.2(0.3) Maces & Flails
 + Level 3.3(2.3) Dodging
 + Level 2.9(1.9) Stealth
 - Level 3.0(2.0) Spellcasting
 * Level 3.9(2.9) Conjurations
 + Level 4.7(3.7) Fire Magic


You had 4 spell levels left.
You knew the following spells:

 Your Spells              Type           Power        Failure   Level  Hunger
a - Flame Tongue          Conj/Fire      ##...        5%          1    #......
b - Throw Flame           Conj/Fire      ##....       8%          2    ###....
c - Conjure Flame         Conj/Fire      ##......     16%         3    ###....
d - Inner Flame           Hex/Fire       #.......     28%         3    ###....


Dungeon Overview and Level Annotations

Branches:
Dungeon (4/15)
 Temple: D:4-7

Altars:
Makhleb
Vehumet


Innate Abilities, Weirdness & Mutations

You are too large for most types of armour.
You have tough skin. (AC +1)


Message History

Aim: a gnoll The flame tongue hits the gnoll.
The gnoll is moderately wounded.
The gnoll barely misses you.
Casting: Flame Tongue
Confirm with . or Enter, or press ? or * to list all spells.
Aiming: Flame Tongue
Press: ? - help, Shift-Dir - straight line, f/p - gnoll
Aim: a gnoll (moderately wounded)
The flame tongue hits the gnoll.
You kill the gnoll!
Vehumet accepts your kill.
You hit the gnoll.
The gnoll is heavily wounded.
The gnoll hits you with a whip!
* * * LOW HITPOINT WARNING * * *
You hit the gnoll.
The gnoll is heavily wounded.
The gnoll hits you with a whip!
You die...

### # #.. .. # #.#
... #.##.########
.... #.....g@....#
.....####.######.#
........<....>.#
###+###.#.######.#
#....##.#......# .
#....##.#g###.##
.##....##.......#
.......####.######.
........>..........


You could see a gnoll.

Vanquished Creatures
  Grinder (D:3)
  An ogre (D:3)
  A big kobold (D:3)
  A gnoll sergeant (D:4)
  3 wights (D:3)
  4 orc wizards (D:3)
  Terence (D:3)
  A killer bee zombie (D:3)
  5 adders
  4 gnolls (D:4)
  An ooze (D:1)
  A worm (D:2)
  5 leopard geckos
  13 orcs (D:3)
  3 bats
  A giant cockroach (D:1)
  5 goblins
  4 hobgoblins
  5 jackals
  2 ball pythons
  5 frilled lizards
  12 kobolds
  8 rats
87 creatures vanquished.

Notes
Turn   | Place    | Note
-------+----------+-------------------------------------------
     0 | D:1      | Ekaitz the Ogre Fire Elementalist began the quest for the Orb.
     0 | D:1      | Reached XP level 1. HP: 16/16 MP: 3/3
   271 | D:1      | Reached skill level 1 in Fighting
   271 | D:1      | Reached skill level 1 in Conjurations
   271 | D:1      | Reached XP level 2. HP: 23/27 MP: 0/5
   275 | D:1      | Learned a level 2 spell: Throw Flame
   416 | D:1      | Reached XP level 3. HP: 16/33 MP: 4/7
   423 | D:1      | Learned a level 3 spell: Conjure Flame
   849 | D:2      | Found a burning altar of Makhleb.
  1018 | D:2      | Found a radiant altar of Vehumet.
  1026 | D:2      | Became a worshipper of Vehumet
  1242 | D:2      | Reached XP level 4. HP: 31/42 MP: 3/8
  1365 | D:3      | Noticed Terence
  1372 | D:3      | Noticed Grinder
  1612 | D:3      | Paralysed by Grinder for 7 turns
  1638 | D:3      | Paralysed by Grinder for 7 turns
  1678 | D:3      | Reached XP level 5. HP: 8/49 MP: 6/9
  1717 | D:3      | Killed Terence
  1743 | D:3      | Killed Grinder
  1743 | D:3      | Reached XP level 6. HP: 15/61 MP: 1/10
  1978 | D:3      | Reached * piety under Vehumet
  1978 | D:3      | Offered knowledge of Sting by Vehumet.
  1996 | D:3      | Reached XP level 7. HP: 18/68 MP: 3/11
  2449 | D:3      | Learned a level 3 spell: Inner Flame
  2458 | D:3      | Reached skill level 1 in Maces & Flails
  2870 | D:3      | Offered knowledge of Magic Dart by Vehumet.
  2966 | D:3      | Reached ** piety under Vehumet
  3125 | D:4      | Reached XP level 8. HP: 20/79 MP: 3/12
  3148 | D:4      | Slain by a gnoll

Skill      XL: |  1  2  3  4  5  6  7 |
---------------+----------------------+-----
Fighting       | 1 2 3 4 |  4.4
Conjurations   | 1 2 3 |  3.9
Fire Magic     | 3 4 |  4.7
Dodging        | 2 3 |  3.3
Spellcasting   | 3 |  3.0
Stealth        | 2 |  2.9
Maces & Flails | 1 |  1.2

Action                   |  1- 3 |  4- 6 |  7- 9 || total
-------------------------+-------+-------+-------++-------
Melee: Dagger            |    49 |    55 |    25 ||   129
       Whip              |       |       |    36 ||    36
       Flail             |       |       |    16 ||    16
       Giant spiked club |       |       |    15 ||    15
Throw: Javelin           |       |       |     4 ||     4
 Cast: Flame Tongue      |    24 |    25 |    29 ||    78
       Throw Flame       |     3 |     4 |     9 ||    16
       Conjure Flame     |       |     3 |     4 ||     7
       Inner Flame       |       |       |     2 ||     2
 Stab: Sleeping          |     3 |     3 |       ||     6
  Eat: Chunk             |     1 |     3 |     5 ||     9
Armor: Robe              |    15 |    11 |    16 ||    42
Dodge: Dodged            |    25 |    30 |    59 ||   114
